 Dungeon Crawl Stone Soup version 0.18.1-8-gdd0e5ea (webtiles) character file.

8201 magipi the Cleaver (level 11, 0/90 (91) HPs)
             Began as a Ghoul Gladiator on May 22, 2016.
             Was a Priest of Makhleb.
             Killed from afar by an electric eel (5 damage)
             ... with a bolt of electricity
             ... on level 10 of the Dungeon.
             The game lasted 00:56:03 (7946 turns).

magipi the Cleaver (Ghoul Gladiator)                Turns: 7946, Time: 00:56:04

HP:   0/90 (91)     AC: 22    Str: 20    XL:     11   Next: 27%
MP:   11/11         EV: 13    Int:  4    God:    Makhleb [***...]
Gold: 464           SH:  0    Dex: 11    Spells: 0 memorised, 10 levels left

rFire  + . .     SeeInvis .     b - +2 whip (elec)
rCold  + . .     Gourm    .     F - +2 ring mail {MR+}
rNeg   + + +     Faith    .     (no shield)
rPois  ∞         Spirit   .     r - +2 helmet
rElec  .         Dismiss  .     p - +2 cloak
rCorr  .         Reflect  .     o - +1 pair of gloves
SustAt .         Harm     .     e - +0 pair of boots
MR     +....                    (no amulet)
Stlth  +.........               f - ring of protection from fire
                                g - +3 ring of protection

@: rotting, slowed, very slow, somewhat resistant to hostile enchantments, very
unstealthy
A: rotting body, claws 1, carnivore 3, cold resistance 1, negative energy
resistance 3, slow regeneration 1, torment resistance, unbreathing
a: Minor Destruction, Lesser Servant of Makhleb, Renounce Religion


You were on level 10 of the Dungeon.
You worshipped Makhleb.
Makhleb was most pleased with you.
You were not hungry.

You visited 2 branches of the dungeon, and saw 11 of its levels.

You collected 464 gold pieces.

Notes
Turn   | Place    | Note
--------------------------------------------------------------
     0 | D:1      | magipi the Ghoul Gladiator began the quest for the Orb.
     0 | D:1      | Reached XP level 1. HP: 17/17 MP: 0/0
   269 | D:1      | Reached XP level 2. HP: 24/24 MP: 1/1
   664 | D:2      | Reached XP level 3. HP: 27/29 MP: 2/2
   796 | D:2      | Noticed Robin
   810 | D:2      | Killed Robin
   886 | D:2      | Found a glowing golden altar of the Shining One.
   917 | D:2      | Reached XP level 4. HP: 26/36 MP: 3/3
  1149 | D:2      | Found an ancient bone altar of Kikubaaqudgha.
  1162 | D:2      | Reached skill level 5 in Axes
  1162 | D:2      | Reached XP level 5. HP: 39/41 MP: 4/4
  1378 | D:2      | Found a deep blue altar of Sif Muna.
  1562 | D:3      | Found a runed door.
  1562 | D:3      | Noticed a human
  1573 | D:3      | Found a basalt altar of Yredelemnul.
  1627 | D:3      | Killed a human
  1639 | D:3      | Reached XP level 6. HP: 31/48 MP: 5/5
  1749 | D:3      | Found a sparkling altar of Nemelex Xobeh.
  2392 | D:4      | Found a staircase to the Ecumenical Temple.
  2449 | D:3      | Reached XP level 7. HP: 52/55 MP: 6/6
  2496 | Temple   | Entered the Ecumenical Temple
  2752 | D:4      | Found a white marble altar of Elyvilon.
  2813 | D:4      | Found a shadowy altar of Dithmenos.
  3099 | D:4      | Noticed grom234's ghost (novice MfIE)
  3157 | D:5      | Entered Level 5 of the Dungeon
  3196 | D:5      | Found a burning altar of Makhleb.
  3199 | D:5      | Became a worshipper of Makhleb the Destroyer
  3453 | D:5      | Reached XP level 8. HP: 61/61 MP: 7/7
  3591 | D:5      | Found a stormy altar of Qazlal.
  4072 | D:6      | Noticed a green ugly thing
  4081 | D:5      | Killed a green ugly thing
  4081 | D:5      | Reached skill level 5 in Fighting
  4081 | D:5      | Reached skill level 5 in Throwing
  4180 | D:6      | Reached * piety under Makhleb
  4180 | D:6      | Reached XP level 9. HP: 69/75 MP: 8/8
  4542 | D:7      | Noticed Dowan
  4941 | D:7      | Reached skill level 1 in Armour
  5151 | D:8      | Noticed Erolcha
  5173 | D:7      | Reached ** piety under Makhleb
  5387 | D:7      | Noticed Duvessa
  5410 | D:7      | Killed Duvessa
  5413 | D:7      | Killed Dowan
  5502 | D:8      | Noticed Erica
  5516 | D:8      | Killed Erica
  5540 | D:8      | Reached XP level 10. HP: 81/84 MP: 9/9
  5650 | D:8      | Reached skill level 5 in Armour
  5765 | D:8      | Noticed Joseph
  5864 | D:8      | Killed an unseen horror
  5876 | D:8      | Killed Joseph
  6048 | D:9      | Reached *** piety under Makhleb
  6051 | D:9      | Noticed an orange demon
  6246 | D:8      | Got a heavily runed buckler
  6527 | D:9      | Reached skill level 5 in Dodging
  6642 | D:9      | Found an opulent altar of Gozag.
  6643 | D:9      | Found a snail-covered altar of Cheibriados.
  6647 | D:9      | Found a shattered altar of Ashenzari.
  6981 | D:8      | Noticed a hill giant
  7014 | D:8      | Reached XP level 11. HP: 26/91 MP: 10/10
  7019 | D:8      | Killed a hill giant
  7310 | D:9      | Reached **** piety under Makhleb
  7400 | D:9      | Found a staircase to the Lair.
  7696 | D:10     | Entered Level 10 of the Dungeon
  7774 | D:10     | Reached skill level 1 in Invocations
  7835 | D:10     | Noticed Josephine
  7860 | D:9      | Killed Josephine
  7860 | D:9      | Reached skill level 1 in Evocations
  7923 | D:9      | HP: 4/91 [wraith[Josephine] (12)]
  7946 | D:10     | Killed from afar by an electric eel

Inventory:

Hand Weapons
 a - a +0 broad axe
 b - a +2 whip of electrocution (weapon)
 A - a +1 war axe
Missiles
 c - 33 poisoned needles
 d - 4 throwing nets (quivered)
 n - 5 javelins
 q - 21 stones
Armour
 e - a +0 pair of boots (worn)
 o - a +1 pair of gloves (worn)
 p - a +2 cloak (worn)
 r - a +2 helmet (worn)
 D - the cursed -6 buckler of Sunlight {rF+ rC++, unknown}
   (You took it off a crimson imp on level 8 of the Dungeon)

   It protects you from fire.
   It greatly protects you from cold.
   It has a curse placed upon it.
 F - a +2 ring mail of magic resistance (worn)
 M - the +2 cloak of the Thief {+Fog Slay-2 SInv Stlth+}
   (You found it on level 8 of the Dungeon)

   It affects your accuracy and damage with ranged weapons and melee attacks
   (-2).
   It lets you see invisible.
   It can be evoked to emit clouds of fog.
   It makes you more stealthy.
Jewellery
 f - a ring of protection from fire (right hand)
 g - a +3 ring of protection (left hand)
Wands
 m - a wand of lightning (4/15)
 y - a wand of iceblast (7/15)
 z - a wand of lightning (3/15)
 B - a wand of heal wounds (5/9)
 G - a wand of disintegration (14/24)
 I - a wand of disintegration (18/24)
 J - a wand of enslavement (11/24)
Scrolls
 h - a scroll of remove curse
 s - 4 scrolls of amnesia
 u - a scroll of enchant weapon
 x - 3 scrolls of recharging
 H - a scroll of random uselessness {unknown}
 N - a scroll of teleportation
 O - a scroll of identify
Potions
 i - a potion of cancellation {unknown}
 k - 2 potions of curing
 l - a potion of brilliance {unknown}
 t - 2 potions of invisibility {unknown}
 v - a potion of flight
 C - 3 potions of heal wounds {unknown}
Books
 j - a book of Dreams

   Spells                             Type                      Level
   a - Ensorcelled Hibernation        Hexes/Ice                    2
   b - Silence                        Hexes/Air                    5
   c - Darkness                       Hexes                        6
   d - Shadow Creatures               Summoning                    6
Comestibles
 w - 2 beef jerkies
 L - 4 meat rations


   Skills:
 - Level 6.4 Fighting
 - Level 8.0 Axes
 - Level 8.0 Throwing
 - Level 7.8 Armour
 - Level 6.4 Dodging
 + Level 2.5 Invocations
 + Level 2.0 Evocations


You had 10 spell levels left.
You didn't know any spells.

Dungeon Overview and Level Annotations

Branches:
Dungeon (10/15)            Temple (1/1) D:4            Lair (0/8) D:9
    Orc: D:9-12

Altars:
Ashenzari
Cheibriados
Dithmenos
Elyvilon
Fedhas
Gozag
Kikubaaqudgha
Makhleb
Nemelex Xobeh
Okawaru
Qazlal
Ru
Sif Muna
Trog
Vehumet
Yredelemnul
Zin
The Shining One

Annotations:
D:4 grom234's ghost, novice MfIE
D:8 Erolcha


Innate Abilities, Weirdness & Mutations

Your body is rotting away.
You thrive on raw meat.
You are immune to poison.
You have sharp fingernails.
You are carnivorous and can eat meat at any time.
Your flesh is cold resistant.
You are immune to negative energy.
You regenerate slowly when monsters are visible.
You are immune to unholy pain and torment.
You can survive without breathing.

Vault maps used:
D:1:      dpeg_arrival_solitude
D:2:      led_sif_pool, gammafunk_pakellas_statue_experiment,
          kennysheep_vampire_church, tso_metal_star, uniq_robin
D:3:      kennysheep_six_static_rooms, nemelex_xobeh_ov_fountains_minmay,
          first_bread, dk_yredelemnul_ordeal
D:4:      kennysheep_ying_yang, grunt_dithmenos_smoke_and_mirrors,
          minmay_temple_entry_statues_fountains, hangedman_abyss_or_decor_stabs,
          grunt_ministairs_13
D:5:      grunt_qazlal_clouds, kennysheep_mini_moat, uniq_pikel
D:6:      kb_xom_exploding_sheep
D:7:      mumra_celtic_spiral_tile, uniq_duvessa
D:8:      kennysheep_blocky_room, the_bakery, uniq_erolcha, uniq_joseph,
          uniq_erica
D:9:      gammafunk_temple_overflow_forgotten, erik_lair_island
D:10:     uniq_josephine
Temple:   circular_temple_6


Message History

The wraith hits you but does no damage.
You hit the wraith but do no damage.
The wraith is heavily damaged.
The wraith misses you. The wraith hits you!
* * * LOW HITPOINT WARNING * * *
The wraith drains your vigour!
You feel as though you will be slow longer.
The wraith hits you.
* * * LOW HITPOINT WARNING * * *
The wraith drains your vigour!
You feel as though you will be slow longer.
The wraith barely misses you.
Read which item? (? for menu, Esc to quit)
Okay, then.
Drink which item? (? for menu, Esc to quit)
You feel yourself speed up. The wraith hits you but does no damage.
The wraith misses you. x2
You are very lightly contaminated with residual magic.
Unknown command.
The wraith closely misses you.
Your extra speed is starting to run out.
You feel yourself slow down. The wraith hits you but does no damage.
The wraith hits you but does no damage. x2
The wraith barely misses you. The wraith hits you but does no damage.
The wraith hits you but does no damage. The wraith hits you.
* * * LOW HITPOINT WARNING * * *
The wraith drains your vigour!
You feel as though you will be slow longer.
The wraith hits you but does no damage. The wraith hits you.
* * * LOW HITPOINT WARNING * * *
The wraith drains your vigour!
You feel as though you will be slow longer.
A demon appears!
You feel slightly more hungry. The wraith hits you but does no damage.
Unknown command.
The wraith hits you!
* * * LOW HITPOINT WARNING * * *
The wraith drains your vigour!
You feel as though you will be slow longer.
Unknown command.
You swap places.
Your ynoxinul hits the wraith but does no damage.
The wraith closely misses your ynoxinul.
Your ynoxinul hits the wraith but does no damage.
The wraith barely misses your ynoxinul.
Your ynoxinul closely misses the wraith.
The wraith hits your ynoxinul!
Your ynoxinul hits the wraith but does no damage.
The wraith misses your ynoxinul.
Your ynoxinul gestures.
The wraith hits your ynoxinul!
Your ynoxinul barely misses the wraith.
The wraith hits your ynoxinul!
The wraith drains your ynoxinul's vigour!
Your ynoxinul seems to slow down.
Your ynoxinul hits the wraith but does no damage.
The wraith hits your ynoxinul!
Your ynoxinul dies!
Your ufetubus disappears in a puff of smoke! x2
A demon appears!
You feel slightly more hungry.
You can no longer hurl Makhleb's greater destruction.
Unknown command.
Your ynoxinul gestures at the wraith.
The iron shot hits the wraith.
Your magical contamination has completely faded away.
The wraith hits your ynoxinul!
The wraith drains your ynoxinul's vigour!
Your ynoxinul seems to slow down.
Your ynoxinul hits the wraith!
The wraith is destroyed!
Makhleb accepts your kill.
Your Evocations skill increases to level 2!
Unknown command.
Unknown command.
The wraith hits your ynoxinul.
The wraith drains your ynoxinul's vigour!
Your ynoxinul seems to slow down.
Your ynoxinul hits the wraith.
The wraith closely misses your ynoxinul.
You feel your flesh rotting away. The wraith hits your ynoxinul.
The wraith drains your ynoxinul's vigour!
Your ynoxinul seems to slow down.
Your ynoxinul hits the wraith. The wraith barely misses your ynoxinul.
Your ynoxinul hits the wraith. The wraith hits your ynoxinul!
The wraith drains your ynoxinul's vigour!
Your ynoxinul seems to slow down.
Your ynoxinul closely misses the wraith.
Something hits your ynoxinul!
Your ynoxinul dies!
There is a stone staircase leading down here.
You climb downwards.
A centaur and an electric eel come into view.
The centaur shouts!
The centaur wields a shortbow.
The centaur shoots an arrow.
The arrow hits you but does no damage.
The electric eel shoots out a bolt of lightning at you!
The bolt of electricity hits you!
You die...

...........##+#
..≈≈≈≈≈≈≈≈.....
≈;≈≈≈≈≈≈≈≈..%≈≈
..≈≈≈≈≈≈≈≈..≈≈≈
...≈≈≈≈≈≈≈..≈..
...............
............#+#
.....(.@.......
............)..
#+####.....c...
#...###.).
#.$.# .. #####
.


You could see a centaur and an electric eel.

Vanquished Creatures
  Erica (D:8)
  An unseen horror (D:8)
  An ugly thing (D:5)
  Joseph (D:8)
  A troll (D:9)
  A wraith (D:10)
  3 yaks (D:9)
  2 water moccasins (D:8)
  Duvessa (D:7)
  4 orc warriors
  3 sky beasts
  An ice beast (D:8)
  4 slaves (D:5)
  A black bear (D:8)
  A phantom (D:8)
  2 ogres
  A wolf (D:9)
  A wasp (D:8)
  4 centaurs
  A crocodile (D:9)
  2 gnoll sergeants
  A giant frog (D:6)
  Dowan (D:7)
  4 scorpions
  3 wights (D:8)
  A vampire bat (D:2)
  2 howler monkeys (D:6)
  8 crimson imps
  2 giant frog zombies
  A human zombie (D:3)
  A centaur zombie (D:8)
  10 hounds
  A jelly (D:7)
  A giant frog skeleton (D:4)
  3 orc priests
  7 orc wizards
  A gnoll shaman (D:4)
  2 iguanas
  5 worker ants
  A hound skeleton (D:7)
  A howler monkey zombie (D:8)
  Robin (D:2)
  10 gnolls
  16 adders
  2 oozes
  An adder skeleton (D:4)
  An adder zombie (D:9)
  8 worms
  3 dart slugs
  5 giant geckos
  29 orcs
  3 bat skeletons (D:2)
  2 bat zombies (D:2)
  7 giant cockroaches
  12 goblins
  8 hobgoblins
  5 jackals
  6 quokkas
  5 bats
  A giant gecko skeleton (D:4)
  A goblin zombie (D:3)
  6 kobolds
  3 quokka zombies
  9 rats
237 creatures vanquished.

Vanquished Creatures (collateral kills)
  Josephine (D:9)
  A hill giant (D:8)
  A troll (D:9)
  A wraith (D:9)
  3 orcs (D:8)
7 creatures vanquished.

Vanquished Creatures (others)
  A human (D:3)
  A worker ant (D:5)
  A gnoll (D:3)
  A bat (D:3)
4 creatures vanquished.

Grand Total: 248 creatures vanquished

Action                   |  1- 3 |  4- 6 |  7- 9 | 10-12 || total
-------------------------+-------+-------+-------+-------++-------
Melee: War axe           |    99 |   127 |   117 |       ||   343
       Broad axe         |       |   147 |     5 |    38 ||   190
       Whip              |       |       |   270 |   351 ||   621
Throw: Throwing net      |     4 |     4 |     2 |     1 ||    11
Invok: Lesser Servant of |       |       |       |     6 ||     6
Evoke: Wand              |       |       |     2 |       ||     2
  Use: Scroll            |       |    11 |     6 |     2 ||    19
       Potion            |       |       |     1 |     2 ||     3
 Stab: Held in net/web   |     2 |     3 |       |       ||     5
       Distracted        |       |     1 |       |       ||     1
  Eat: Chunk             |    14 |    14 |    20 |    24 ||    72
Armor: Leather armour    |    30 |    88 |       |       ||   118
       Chain mail        |       |    80 |   220 |       ||   300
       Ring mail         |       |     8 |    16 |   245 ||   269
Dodge: Dodged            |    75 |   171 |   139 |   255 ||   640

Action                   |  1- 3 |  4- 6 |  7- 9 | 10-12 || total
-------------------------+-------+-------+-------+-------++-------
Melee: War axe           |    99 |   127 |   117 |       ||   343
       Broad axe         |       |   147 |     5 |    38 ||   190
       Whip              |       |       |   270 |   351 ||   621
Throw: Throwing net      |     4 |     4 |     2 |     1 ||    11
Invok: Lesser Servant of |       |       |       |     6 ||     6
Evoke: Wand              |       |       |     2 |       ||     2
  Use: Scroll            |       |    11 |     6 |     2 ||    19
       Potion            |       |       |     1 |     2 ||     3
 Stab: Held in net/web   |     2 |     3 |       |       ||     5
       Distracted        |       |     1 |       |       ||     1
  Eat: Chunk             |    14 |    14 |    20 |    24 ||    72
Armor: Leather armour    |    30 |    88 |       |       ||   118
       Chain mail        |       |    80 |   220 |       ||   300
       Ring mail         |       |     8 |    16 |   245 ||   269
Dodge: Dodged            |    75 |   171 |   139 |   255 ||   640
